| TOP OF THE 1ST |
|
Joplin Blasters batting - Pitching for Houston Colt .45's : RHP Kuaika Anakala
|
|
Pitching: RHP Kuaika Anakala
|
|
|
Batting: RHB Angel Melendez
|
0-0: Ball 1-0: Foul Ball, location: 2F 1-1: Swinging Strike 1-2: Strikes out swinging
|
|
Batting: RHB Dustin Peterson
|
0-0: Ball 1-0: Foul Ball, location: 2F 1-1: Ball 2-1: Swinging Strike 2-2: Strikes out looking
|
|
Batting: RHB Mike McClung
|
0-0: Ball 1-0: Foul Ball, location: 2F 1-1: Ball 2-1: Called Strike 2-2: Strikes out swinging
|
| Top of the 1st over - 0 runs, 0 hits, 0 errors, 0 left on base; Joplin 0 - Houston 0 |
| BOTTOM OF THE 1ST |
|
Houston Colt .45's batting - Pitching for Joplin Blasters : LHP Sean Walters
|
|
Pitching: LHP Sean Walters
|
|
|
Batting: RHB Ralph Baltimore
|
0-0: Ball 1-0: Called Strike 1-1: Ground out 5-3 (Groundball, 56, EV 80.6 MPH)
|
|
Batting: RHB Jonathan Rausch
|
0-0: Ball 1-0: Ball 2-0: Called Strike 2-1: Swinging Strike 2-2: Strikes out swinging
|
|
Batting: LHB Vecdi Hodensack
|
0-0: Fly out, F9 (Flyball, 89D, EV 84.4 MPH)
|
| Bottom of the 1st over - 0 runs, 0 hits, 0 errors, 0 left on base; Joplin 0 - Houston 0 |
| TOP OF THE 2ND |
|
Joplin Blasters batting - Pitching for Houston Colt .45's : RHP Kuaika Anakala
|
|
Batting: RHB Tanner Holland
|
0-0: Fly out, F8 (Flyball, 8LM, EV 93.1 MPH)
|
|
Batting: RHB Steve Huebner
|
0-0: Called Strike 0-1: Swinging Strike 0-2: Ball 1-2: Strikes out swinging
|
|
Batting: LHB Willie Marquez
|
0-0: Ball 1-0: Foul Ball, location: 2F 1-1: DOUBLE (Flyball, 8RXD, EV 100.6 MPH)
|
|
Batting: RHB Nate Brewer
|
0-0: Ground out 5-3 (Groundball, 56S, EV 66.2 MPH)
|
| Top of the 2nd over - 0 runs, 1 hit, 0 errors, 1 left on base; Joplin 0 - Houston 0 |
| BOTTOM OF THE 2ND |
|
Houston Colt .45's batting - Pitching for Joplin Blasters : LHP Sean Walters
|
|
Batting: RHB Doug Dark
|
0-0: SINGLE (Groundball, 6MD, EV 107.5 MPH)
|
|
Batting: LHB Gong Tow
|
0-0: Ball 1-0: Fly out, F7 (Flyball, 7LS, EV 81.9 MPH)
|
|
Batting: RHB Fernan Tedeschi
|
0-0: Ball 1-0: Ball 2-0: Foul Ball, location: 2F 2-1: Called Strike 2-2: Strikes out swinging
|
|
Batting: RHB Chris Jordan
|
0-0: Ball 1-0: Ball 2-0: Fly out, F9 (Flyball, 9LM, EV 96.2 MPH)
|
| Bottom of the 2nd over - 0 runs, 1 hit, 0 errors, 1 left on base; Joplin 0 - Houston 0 |
| TOP OF THE 3RD |
|
Joplin Blasters batting - Pitching for Houston Colt .45's : RHP Kuaika Anakala
|
|
Batting: LHB Josh Lane
|
0-0: Called Strike 0-1: Called Strike 0-2: Ground out 6-3 (Groundball, P, EV 86.9 MPH)
|
|
Batting: RHB Sean Walters
|
0-0: Ground out 5-3 (Groundball, 5, EV 80.6 MPH)
|
|
Batting: RHB Angel Melendez
|
0-0: Called Strike 0-1: Ball 1-1: Foul Ball, location: 2F 1-2: Ball 2-2: Ball 3-2: Base on Balls
|
|
Batting: RHB Dustin Peterson
|
0-0: Fly out, F8 (Flyball, 8LM, EV 87.5 MPH)
|
| Top of the 3rd over - 0 runs, 0 hits, 0 errors, 1 left on base; Joplin 0 - Houston 0 |
| BOTTOM OF THE 3RD |
|
Houston Colt .45's batting - Pitching for Joplin Blasters : LHP Sean Walters
|
|
Batting: LHB Casper Significant
|
0-0: SOLO HOME RUN (Flyball, 7LD, EV 95.6 MPH), Distance : 360 ft
|
|
Batting: RHB Edward Chan
|
0-0: Called Strike 0-1: Ball 1-1: Foul Ball, location: 2F 1-2: Foul Ball, location: 2F 1-2: Ball 2-2: Foul Ball, location: 2F 2-2: Fly out, F8 (Flyball, 8RD, EV 92.5 MPH)
|
|
Batting: RHB Ralph Baltimore
|
0-0: Swinging Strike 0-1: Ball 1-1: Called Strike 1-2: Ball 2-2: Foul Ball, location: 2F 2-2: Foul Ball, location: 2F 2-2: Strikes out swinging
|
|
Batting: RHB Jonathan Rausch
|
0-0: Ball 1-0: Called Strike 1-1: Ground out 5-3 (Groundball, 5S, EV 66.2 MPH)
|
| Bottom of the 3rd over - 1 run, 1 hit, 0 errors, 0 left on base; Joplin 0 - Houston 1 |
| TOP OF THE 4TH |
|
Joplin Blasters batting - Pitching for Houston Colt .45's : RHP Kuaika Anakala
|
|
Batting: RHB Mike McClung
|
0-0: Swinging Strike 0-1: Called Strike 0-2: Ball 1-2: Strikes out swinging
|
|
Batting: RHB Tanner Holland
|
0-0: Called Strike 0-1: Ball 1-1: Ball 2-1: Swinging Strike 2-2: Foul Ball, location: 2F 2-2: Hit by Pitch
|
|
Batting: RHB Steve Huebner
|
0-0: Ball 1-0: Foul Ball, location: 2F 1-1: Ball 2-1: Ball 3-1: Fly out, F7 (Flyball, 7LD, EV 106.2 MPH)
|
|
Batting: LHB Willie Marquez
|
0-0: Swinging Strike 0-1: Foul Ball, location: 2F 0-2: Ball 1-2: Reached on error, E4 (Groundball, 4S, EV 93.1 MPH) Tanner Holland to second
|
|
Batting: RHB Nate Brewer
|
0-0: DOUBLE (Line Drive, 5D, EV 96.2 MPH) Tanner Holland scores Willie Marquez to third
|
|
Batting: LHB Josh Lane
|
0-0: Ball 1-0: Foul Ball, location: 2F 1-1: Ball 2-1: SINGLE (Line Drive, 3L, EV 95.6 MPH) Willie Marquez scores Nate Brewer to third
|
|
Batting: RHB Sean Walters
|
0-0: Ball 1-0: Called Strike 1-1: Called Strike 1-2: Ball 2-2: Strikes out looking
|
| Top of the 4th over - 2 runs, 2 hits, 1 error, 2 left on base; Joplin 2 - Houston 1 |
| BOTTOM OF THE 4TH |
|
Houston Colt .45's batting - Pitching for Joplin Blasters : LHP Sean Walters
|
|
Batting: LHB Vecdi Hodensack
|
0-0: Called Strike 0-1: Ground out U3 (Groundball, 34S, EV 68.1 MPH)
|
|
Batting: RHB Doug Dark
|
0-0: Called Strike 0-1: Ball 1-1: Foul Ball, location: 2F 1-2: Foul Ball, location: 2F 1-2: Strikes out looking
|
|
Batting: LHB Gong Tow
|
0-0: Ball 1-0: SINGLE (Flyball, 78S, EV 91.9 MPH)
|
|
Batting: RHB Fernan Tedeschi
|
0-0: Called Strike 0-1: Ball Gong Tow is caught stealing 2nd base 2-4
|
| Bottom of the 4th over - 0 runs, 1 hit, 0 errors, 0 left on base; Joplin 2 - Houston 1 |
| TOP OF THE 5TH |
|
Joplin Blasters batting - Pitching for Houston Colt .45's : RHP Kuaika Anakala
|
|
Batting: RHB Angel Melendez
|
0-0: Ball 1-0: Swinging Strike 1-1: Ball 2-1: Called Strike 2-2: Ball 3-2: Fly out, F8 (Flyball, 8RM, EV 94.4 MPH)
|
|
Batting: RHB Dustin Peterson
|
0-0: Fly out, F4 (Popup, 4M, EV 58.8 MPH)
|
|
Batting: RHB Mike McClung
|
0-0: Ball 1-0: Swinging Strike 1-1: Called Strike 1-2: Foul Ball, location: 2F 1-2: Ball 2-2: Strikes out swinging
|
| Top of the 5th over - 0 runs, 0 hits, 0 errors, 0 left on base; Joplin 2 - Houston 1 |
| BOTTOM OF THE 5TH |
|
Houston Colt .45's batting - Pitching for Joplin Blasters : LHP Sean Walters
|
|
Batting: RHB Fernan Tedeschi
|
0-0: Called Strike 0-1: SINGLE (Line Drive, 89S, EV 95.6 MPH)
|
|
Batting: RHB Chris Jordan
|
0-0: Called Strike 0-1: Swinging Strike 0-2: Strikes out swinging
|
|
Batting: LHB Casper Significant
|
0-0: Ball 1-0: Called Strike 1-1: Foul Ball, location: 2F 1-2: Strikes out swinging
|
|
Batting: RHB Edward Chan
|
0-0: Foul Ball, location: 2F 0-1: Ball 1-1: Ball 2-1: Foul Ball, location: 2F 2-2: Ball 3-2: 2-RUN HOME RUN (Flyball, 7D, EV 98.1 MPH), Distance : 377 ft
|
|
Batting: RHB Ralph Baltimore
|
0-0: Swinging Strike 0-1: Swinging Strike 0-2: Ball 1-2: Strikes out swinging
|
| Bottom of the 5th over - 2 runs, 2 hits, 0 errors, 0 left on base; Joplin 2 - Houston 3 |
| TOP OF THE 6TH |
|
Joplin Blasters batting - Pitching for Houston Colt .45's : RHP Kuaika Anakala
|
|
Batting: RHB Tanner Holland
|
0-0: Ball 1-0: Ball 2-0: Ball 3-0: Called Strike 3-1: Base on Balls
|
|
Pitching: LHP Jared Simmers
|
|
|
Batting: RHB Steve Huebner
|
0-0: Foul Ball, location: 2F 0-1: Foul Ball, location: 2F 0-2: Fly out, F7 (Flyball, 78D, EV 92.5 MPH)
|
|
Batting: LHB Willie Marquez
|
0-0: Swinging Strike 0-1: Swinging Strike 0-2: Ball 1-2: Strikes out looking
|
|
Batting: RHB Nate Brewer
|
0-0: Called Strike 0-1: Foul Ball, location: 2F 0-2: Foul Ball, location: 2F 0-2: Ball 1-2: Fly out, F9 (Line Drive, 9LM, EV 86.9 MPH)
|
| Top of the 6th over - 0 runs, 0 hits, 0 errors, 1 left on base; Joplin 2 - Houston 3 |
| BOTTOM OF THE 6TH |
|
Houston Colt .45's batting - Pitching for Joplin Blasters : LHP Sean Walters
|
|
Batting: RHB Jonathan Rausch
|
0-0: Called Strike 0-1: Ball 1-1: Foul Ball, location: 2F 1-2: Ball 2-2: Ball 3-2: Base on Balls
|
|
Batting: LHB Vecdi Hodensack
|
0-0: Called Strike 0-1: Called Strike Jonathan Rausch is caught stealing 2nd base 2-6 0-2: Strikes out swinging
|
|
Batting: RHB Doug Dark
|
0-0: Ball 1-0: Called Strike 1-1: Ball 2-1: Fly out, F9 (Flyball, 9S, EV 79.4 MPH)
|
| Bottom of the 6th over - 0 runs, 0 hits, 0 errors, 0 left on base; Joplin 2 - Houston 3 |
| TOP OF THE 7TH |
|
Joplin Blasters batting - Pitching for Houston Colt .45's : LHP Jared Simmers
|
|
Pinch Hitting: RHB Colin Padgett
|
0-0: Foul Ball, location: 2F 0-1: Ball 1-1: Ball 2-1: Fly out, F8 (Flyball, 8RD, EV 90.6 MPH)
|
|
Batting: RHB Sean Walters
|
0-0: Ball 1-0: Ground out 6-3 (Groundball, 6, EV 84.4 MPH)
|
|
Pitching: RHP Jason LaPage
|
|
|
Pinch Hitting: RHB Carlos Castillo
|
0-0: Ball 1-0: Called Strike 1-1: Ball 2-1: Foul Ball, location: 2F 2-2: Fly out, F8 (Flyball, 89D, EV 78.1 MPH)
|
| Top of the 7th over - 0 runs, 0 hits, 0 errors, 0 left on base; Joplin 2 - Houston 3 |
| BOTTOM OF THE 7TH |
|
Houston Colt .45's batting - Pitching for Joplin Blasters : LHP Sean Walters
|
|
Now at 1B: Colin Padgett
|
|
|
Now at 2B: Bobby Leon
|
|
|
Now at 3B: Tanner Holland
|
|
|
Batting: LHB Gong Tow
|
0-0: Foul Ball, location: 2F 0-1: Ball 1-1: Called Strike 1-2: Foul Ball, location: 2F 1-2: Ball 2-2: SINGLE (Groundball, 34, EV 103.8 MPH)
|
|
Batting: RHB Fernan Tedeschi
|
0-0: Ball 1-0: Ball 2-0: Called Strike 2-1: Bunted foul 2-2: Foul Ball, location: 2F 2-2: Ball 3-2: Base on Balls Gong Tow to second
|
|
Batting: RHB Chris Jordan
|
0-0: Called Strike 0-1: Ball 1-1: Ball 2-1: Fly out, F5 (Popup, 25F, EV 81.2 MPH)
|
|
Batting: LHB Casper Significant
|
0-0: Fielders Choice at 2nd, 1-4 (Groundball, 15, EV 73.1 MPH) Gong Tow to third
|
|
Batting: RHB Edward Chan
|
0-0: Called Strike 0-1: Ball 1-1: Ball 2-1: Ball 3-1: Base on Balls Casper Significant to second
|
|
Batting: RHB Ralph Baltimore
|
0-0: Fly out, F8 (Flyball, 8RD, EV 106.9 MPH)
|
| Bottom of the 7th over - 0 runs, 1 hit, 0 errors, 3 left on base; Joplin 2 - Houston 3 |
| TOP OF THE 8TH |
|
Joplin Blasters batting - Pitching for Houston Colt .45's : RHP Jason LaPage
|
|
Now in LF: Devon Healy
|
|
|
Batting: RHB Dustin Peterson
|
0-0: Called Strike 0-1: Foul Ball, location: 2F 0-2: SOLO HOME RUN (Flyball, 9D, EV 96.2 MPH), Distance : 370 ft
|
|
Batting: RHB Mike McClung
|
0-0: Foul Ball, location: 2F 0-1: Ball 1-1: Foul Ball, location: 2F 1-2: Ball 2-2: Fly out, F8 (Flyball, 8RD, EV 84.4 MPH)
|
|
Batting: RHB Tanner Holland
|
0-0: Ball 1-0: Called Strike 1-1: Ball 2-1: Ball 3-1: Called Strike 3-2: Strikes out looking
|
|
Pitching: RHP Howard Hoult
|
|
|
Pinch Hitting: RHB Cody Marshall
|
0-0: Ball 1-0: Called Strike 1-1: Called Strike 1-2: Ball 2-2: Ball 3-2: Foul Ball, location: 2F 3-2: Foul Ball, location: 2F 3-2: DOUBLE (Line Drive, 8RXD, EV 101.9 MPH)
|
|
Batting: LHB Willie Marquez
|
0-0: SINGLE (Line Drive, 9S, EV 98.8 MPH) Cody Marshall to third Throwing error, E9 Cody Marshall scores Willie Marquez to second
|
|
Pinch Hitting: RHB Mike Stokes
|
0-0: Called Strike 0-1: Fly out, F8 (Flyball, 78D, EV 77.5 MPH)
|
| Top of the 8th over - 2 runs, 3 hits, 1 error, 1 left on base; Joplin 4 - Houston 3 |
| BOTTOM OF THE 8TH |
|
Houston Colt .45's batting - Pitching for Joplin Blasters : LHP Sean Walters
|
|
Now in CF: Alex Valadez
|
|
|
Now in RF: Esteban Acuna
|
|
|
Batting: RHB Jonathan Rausch
|
0-0: Foul Ball, location: 2F 0-1: Called Strike 0-2: Ball 1-2: Ball 2-2: Strikes out swinging
|
|
Batting: LHB Vecdi Hodensack
|
0-0: Ball 1-0: Swinging Strike 1-1: Ball 2-1: Foul Ball, location: 2F 2-2: Strikes out looking
|
|
Batting: RHB Doug Dark
|
0-0: Called Strike 0-1: Foul Ball, location: 2F 0-2: Foul Ball, location: 2F 0-2: Ball 1-2: Strikes out looking
|
| Bottom of the 8th over - 0 runs, 0 hits, 0 errors, 0 left on base; Joplin 4 - Houston 3 |
| TOP OF THE 9TH |
|
Joplin Blasters batting - Pitching for Houston Colt .45's : RHP Howard Hoult
|
|
Batting: RHB Colin Padgett
|
0-0: Fly out, F8 (Flyball, 8LM, EV 91.9 MPH)
|
|
Batting: RHB Sean Walters
|
0-0: Called Strike 0-1: Ball 1-1: Ground out 4-3 (Groundball, 6MD, EV 87.5 MPH)
|
|
Batting: RHB Bobby Leon
|
0-0: Ball 1-0: Foul Ball, location: 2F 1-1: Swinging Strike 1-2: Foul Ball, location: 2F 1-2: Ball 2-2: Foul Ball, location: 2F 2-2: Ball 3-2: Strikes out swinging
|
| Top of the 9th over - 0 runs, 0 hits, 0 errors, 0 left on base; Joplin 4 - Houston 3 |
| BOTTOM OF THE 9TH |
|
Houston Colt .45's batting - Pitching for Joplin Blasters : LHP Sean Walters
|
|
Batting: LHB Gong Tow
|
0-0: Ball 1-0: Fly out, F8 (Flyball, 8LM, EV 92.5 MPH)
|
|
Batting: RHB Fernan Tedeschi
|
0-0: DOUBLE (Groundball, 3L, EV 98.1 MPH)
|
|
Batting: RHB Devon Healy
|
0-0: Called Strike 0-1: Ball 1-1: Swinging Strike 1-2: Ball 2-2: Fly out, F8 (Flyball, 8RM, EV 88.8 MPH)
|
|
Pinch Hitting: RHB David Snyder
|
0-0: Called Strike 0-1: Ball 1-1: Swinging Strike 1-2: Foul Ball, location: 2F 1-2: Ball 2-2: Ball 3-2: Foul Ball, location: 2F 3-2: Base on Balls
|
|
Batting: RHB Edward Chan
|
0-0: Ball 1-0: Ball 2-0: Foul Ball, location: 2F 2-1: Foul Ball, location: 2F 2-2: Foul Ball, location: 2F 2-2: Foul Ball, location: 2F 2-2: Ball 3-2: Foul Ball, location: 2F 3-2: Ground out 6-3 (Groundball, 6M, EV 105.6 MPH)
|
| Bottom of the 9th over - 0 runs, 1 hit, 0 errors, 2 left on base; Joplin 4 - Houston 3 |
|